 Dungeon Crawl Stone Soup version 0.27.1-4-g1640c2035a (webtiles) character file.

Game seed: 3992715385067363242

12353 raph the Geomancer (level 11, -14/55 HPs)
             Began as a Deep Elf Earth Elementalist on Nov 13, 2021.
             Was a High Priest of Hepliaklqana.
             Demolished by a white ugly thing (30 damage)
             ... on level 11 of the Dungeon.
             The game lasted 00:28:04 (14946 turns).

raph the Geomancer (Deep Elf Earth Elementalist)   Turns: 14946, Time: 00:28:05

Health: -14/55     AC: 15    Str:  5    XL:     11   Next: 61%
Magic:  8/24       EV: 16    Int: 32    God:    Hepliaklqana [*****.]
Gold:   135        SH:  6    Dex: 20    Spells: 3/25 levels left

rFire    . . .     SeeInvis .   a - +5 whip of the Evening {vorpal, Int+4 Dex+3}
rCold    . . .     Faith    +   Q - +0 buckler
rNeg     . . .     Spirit   .   I - +0 steam dragon scales
rPois    .         Reflect  .   b - +1 helmet
rElec    .         Harm     .   m - +0 cloak
rCorr    .         Rampage  .   N - +1 pair of gloves
Will     +....                  n - +0 pair of boots
Stlth    ++++......             l - amulet of faith
HPRegen  0.18/turn              i - +6 ring of intelligence
MPRegen  0.19/turn              t - +4 ring of protection

@: no status effects
A: reduced essence
a: Renounce Religion, Recall Ancestor, Ancestor Identity, Transference, Idealise


You were on level 11 of the Dungeon.
You worshipped Hepliaklqana.
Hepliaklqana was extremely pleased with you.
You visited 1 branch of the dungeon, and saw 11 of its levels.
You also visited: Sewer.

You collected 543 gold pieces.
You spent 408 gold pieces at shops.

Inventory:

Hand Weapons
 a - the +5 whip of the Evening (weapon) {vorpal, Int+4 Dex+3}
   (You found it on level 7 of the Dungeon)

   It inflicts extra damage upon your enemies.
   Int:       It affects your intelligence (+4).
   Dex:       It affects your dexterity (+3).
 e - a +0 dagger
 E - a +1 spectral dagger
 G - a +2 dagger of electrocution
Missiles
 c - 93 stones
 o - 3 curare-tipped darts
 F - 58 poisoned darts
Armour
 b - a +1 helmet (worn)
 m - a +0 cloak (worn)
 n - a +0 pair of boots (worn)
 I - +0 steam dragon scales (worn)
 N - a +1 pair of gloves (worn)
 Q - a +0 buckler (worn)
Jewellery
 f - a +6 ring of strength
 i - a +6 ring of intelligence (left hand)
 l - an amulet of faith (around neck)
 t - a +4 ring of protection (right hand)
 v - a +6 ring of dexterity
 K - an amulet of reflection
 L - a ring of fire
Wands
 z - a wand of iceblast (26)
 A - a wand of digging (1)
 C - a wand of mindburst (6)
 J - a wand of charming (15)
Scrolls
 d - 5 scrolls of teleportation
 u - 2 scrolls of blinking
 w - 3 scrolls of summoning
 y - a scroll of fog
 M - a scroll of brand weapon
 P - 2 scrolls of fear
Potions
 g - a potion of cancellation
 h - a potion of mutation
 j - 2 potions of might
 k - 6 potions of curing
 p - 2 potions of haste
 q - 3 potions of lignification
 r - a potion of flight
 s - 4 potions of berserk rage
 x - 3 potions of heal wounds
 D - 2 potions of attraction
 H - a potion of ambrosia
Miscellaneous
 B - a box of beasts


   Skills:
 + Level 4.3 Fighting
 + Level 7.0 Dodging
 + Level 7.4 Stealth
 - Level 4.0 Shields
 + Level 7.5 Spellcasting
 + Level 8.9 Conjurations
 - Level 1.1 Transmutations
 - Level 5.0 Fire Magic
 + Level 10.9 Earth Magic
 * Level 5.6 Invocations


You had 3 spell levels left.
You knew the following spells:

 Your Spells              Type           Power      Damage    Failure   Level
a - Sandblast             Erth           100%       2d20      1%          1
b - Passwall              Tmut/Erth      41%        N/A       1%          2
c - Stone Arrow           Conj/Erth      100%       3d13      1%          3
d - Petrify               Tmut/Erth      50%        N/A       3%          4
e - Bolt of Magma         Conj/Fire/Erth 30%        4d14      3%          5
f - Mephitic Cloud        Conj/Pois/Air  31%        N/A       3%          3
g - Animate Armour        Summ/Erth      94%        N/A       4%          4

Your spell library contained the following spells:

 Spells                   Type           Power      Damage    Failure   Level
 Ignite Poison            Fire/Tmut/Pois 25%        N/A       4%          3
 Ozocubu's Armour         Ice            12%        N/A       12%         3
 Metabolic Englaciation   Hex/Ice        6%         N/A       73%         5
 Simulacrum               Ice/Necr       6%         N/A       99%         6
 Lehudib's Crystal Spear  Conj/Erth      33%        10d8      99%         8


Dungeon Overview and Level Annotations

Branches:
Dungeon (11/15)            Temple (0/1) D:5           Sewer (visited)
   Lair: D:8-11         Orc: D:9-12

Altars:
Hepliaklqana
Kikubaaqudgha
Ru
Uskayaw
Vehumet
The Shining One

Shops:
D:9 [   D:10 [

Annotations:
D:5 2 transporters


Message History

The bolt of magma hits the white ugly thing!!
The white ugly thing is heavily wounded.
The bolt of magma hits the centaur!!
The centaur is almost dead.
The bolt of magma hits the centaur!!
You kill the centaur!
The white ugly thing tentacle-slaps you!
The white ugly thing freezes you!!
Ouch! That really hurt!
* * * LOW HITPOINT WARNING * * *
The centaur shoots an arrow.
The arrow hits you.
* * * LOW HITPOINT WARNING * * *
The centaur shoots an arrow.
The arrow hits you.
* * * LOW HITPOINT WARNING * * *
Blink to where?
Press: ? - help, Dir - move target
As you read the scroll of blinking, it crumbles to dust.
Found 6 gold pieces.
The centaur wields a +0 vorpal shortbow.
The centaur shoots an arrow.
The arrow hits you but does no damage.
The centaur shoots an arrow.
The arrow closely misses you.
The centaur shoots an arrow.
The arrow hits you!
* * * LOW HITPOINT WARNING * * *
x2 You feel much better.
As you read the scroll of fog, it crumbles to dust.
The scroll dissolves into smoke.
You start resting.
A white ugly thing is nearby!
Casting: Bolt of Magma (dangerous; 3% risk of failure)
Confirm with . or Enter, or press ? or * to list all spells.
Aiming: Bolt of Magma (dangerous; 3% risk of failure)
Press: ? - help, Shift-Dir - straight line, f - white ugly thing
Aim: a white ugly thing (blue smoke, heavily wounded, 71% to hit)
The bolt of magma hits the white ugly thing!!
The white ugly thing is almost dead.
The white ugly thing tentacle-slaps you.
* * * LOW HITPOINT WARNING * * *
The white ugly thing freezes you!!
Ouch! That really hurt!
You die...

##c## #.# #........# ##...##
#.# #######.## ##.....##
####.#### #>## ##.......##
#.......# #..#
#.......c.####.§.....#######...
+.......c.+....§.....).........
#........u.(##.§§....#####.....
#.........#..##§§§....# #.#..#
#.#..........§#@§§....# #.#÷##
#..#.#.#.#.#.#u§§§....# #.#.#
............§§§§###### #.#.##
#.#.#.#.#.#.#.#...# #..... .
..........#.# ###.##
#.#.#.#.#.#...# #.## ....
........#.# #... #.#
#.#.#.#.#..# #### ..$. ......


You could see a white ugly thing.

Vanquished Creatures
  Josephine (D:10)
  Harold (D:10)
  A boulder beetle (D:10)
  3 two-headed ogres
  Sonja (D:11)
  A cyclops (D:11)
  Maurice (D:10)
  Joseph (D:8)
  Maggie (D:8)
  Prince Ribbit (D:7)
  A vampire (D:9)
  3 wraiths (D:10)
  5 yaks (D:11)
  A wyvern (D:9)
  Edmund (D:5)
  An acid dragon (D:10)
  2 water moccasins (D:7)
  A sky beast (D:6)
  An orc warrior (D:10)
  4 centaurs
  An ogre (D:5)
  4 necrophages
  4 kobold brigands (Sewer)
  Blork the orc (D:5)
  2 bullfrogs
  2 scorpions (D:5)
  5 wyvern zombies
  A gnoll sergeant (D:9)
  2 water moccasin zombies
  A wyvern skeleton (D:5)
  5 killer bees (D:9)
  5 wights
  2 howler monkeys
  An electric eel (D:10)
  3 bullfrog zombies (D:6)
  A centaur zombie (D:6)
  3 orc priests
  A human zombie (D:6)
  Crazy Yiuf (D:2)
  Ijyb (D:5)
  2 iguanas (D:5)
  2 orc wizards
  2 killer bee zombies
  2 hound skeletons (D:4)
  7 gnolls
  3 howler monkey zombies
  A river rat (Sewer)
  9 adders
  2 ufetubi
  2 worms
  3 dart slugs
  16 orcs
  11 endoplasms
  5 giant cockroaches
  9 goblins
  5 hobgoblins
  3 jackals (D:2)
  6 quokkas
  12 ball pythons
  9 bats
  2 frilled lizards
  10 kobolds
  7 rats
208 creatures vanquished.

Vanquished Creatures (collateral kills)
  A shadow (D:10)
  A yak (D:11)
  2 wraiths (D:10)
  A steam dragon (D:9)
  A sky beast (D:6)
  A wyvern zombie (D:8)
  A scorpion (D:5)
  A killer bee (D:9)
  A jelly (D:5)
  A hound (D:6)
  3 orc wizards
  An adder (D:6)
  An adder skeleton (D:4)
  2 ball pythons
  A giant cockroach (D:6)
  A rat (Sewer)
20 creatures vanquished.

Grand Total: 228 creatures vanquished

Notes
Turn   | Place    | Note
-------+----------+-------------------------------------------
     0 | D:1      | raph the Deep Elf Earth Elementalist began the quest for
                  | the Orb.
     0 | D:1      | Reached XP level 1. HP: 10/10 MP: 6/6
   158 | D:1      | Reached skill level 4 in Earth Magic
   158 | D:1      | Reached XP level 2. HP: 14/15 MP: 4/8
   840 | D:1      | Reached XP level 3. HP: 19/19 MP: 7/9
   843 | D:1      | Learned a level 2 spell: Passwall
   847 | D:1      | Learned a level 3 spell: Stone Arrow
   907 | D:1      | Found a faded altar of an unknown god.
  1079 | D:2      | Reached skill level 1 in Conjurations
  1507 | D:2      | Found a runed translucent door.
  1512 | D:2      | Noticed Crazy Yiuf
  1541 | D:2      | Killed Crazy Yiuf
  1542 | D:2      | Reached skill level 5 in Earth Magic
  1542 | D:2      | Reached XP level 4. HP: 17/24 MP: 6/10
  2217 | D:3      | Found a sacrificial altar of Ru.
  2431 | D:3      | Found a radiant altar of Vehumet.
  2439 | D:3      | Found a hazy altar of Hepliaklqana.
  2451 | D:3      | Became a worshipper of Hepliaklqana the Forgotten
  2675 | D:3      | Reached XP level 5. HP: 28/28 MP: 8/11
  3062 | D:3      | Reached skill level 6 in Earth Magic
  3099 | D:3      | Reached * piety under Hepliaklqana
  4033 | D:4      | Noticed a necrophage
  4038 | D:4      | Killed a necrophage
  4039 | D:4      | Reached XP level 6. HP: 28/28 MP: 5/12
  4324 | D:4      | Found a glowing golden altar of the Shining One.
  4707 | D:4      | Reached ** piety under Hepliaklqana
  4708 | D:4      | Remembered your ancestor Zolin as a knight
  4880 | D:4      | Found a hide-covered altar of Uskayaw.
  5268 | D:5      | Entered Level 5 of the Dungeon
  5359 | D:5      | Reached XP level 7. HP: 25/33 MP: 3/14
  5440 | D:5      | Found a transporter.
  5466 | D:5      | Found a staircase to the Ecumenical Temple.
  5477 | D:5      | Reached skill level 1 in Fighting
  5539 | D:5      | Found a transporter.
  5573 | D:5      | Reached skill level 7 in Earth Magic
  5574 | D:5      | Noticed Edmund
  5583 | D:5      | Killed Edmund
  6333 | D:5      | Noticed Blork the orc
  6341 | D:5      | Killed Blork the orc
  6342 | D:5      | Reached skill level 5 in Conjurations
  6342 | D:5      | Reached XP level 8. HP: 36/39 MP: 7/16
  6473 | D:5      | Noticed Ijyb
  6481 | D:5      | Killed Ijyb
  6920 | D:6      | Reached *** piety under Hepliaklqana
  7037 | D:6      | Learned a level 4 spell: Petrify
  7065 | D:6      | Reached skill level 8 in Earth Magic
  7105 | D:6      | Found a glowing drain.
  7172 | Sewer    | Entered a sewer
  7227 | Sewer    | Reached skill level 5 in Spellcasting
  8135 | Sewer    | Reached skill level 5 in Stealth
  8804 | D:6      | Reached skill level 5 in Dodging
  8804 | D:6      | Reached XP level 9. HP: 44/44 MP: 9/19
  9146 | D:6      | Found an ancient bone altar of Kikubaaqudgha.
  9354 | D:6      | Reached skill level 9 in Earth Magic
  9562 | D:6      | Reached **** piety under Hepliaklqana
  9891 | D:7      | Learned a level 5 spell: Bolt of Magma
  9944 | D:7      | Noticed a two-headed ogre
  9948 | D:7      | Killed a two-headed ogre
 10203 | D:7      | Noticed Prince Ribbit
 10317 | D:7      | Killed Prince Ribbit
 10318 | D:7      | Reached skill level 10 in Earth Magic
 10648 | D:7      | Identified the +5 whip of the Evening {vorpal, Int+4 Dex+3}
 10816 | D:8      | Noticed Joseph
 10824 | D:8      | Killed Joseph
 10825 | D:8      | Reached XP level 10. HP: 50/50 MP: 11/21
 10874 | D:8      | Noticed Maggie
 10879 | D:8      | Killed Maggie
 11152 | D:8      | Learned a level 3 spell: Mephitic Cloud
 11608 | D:9      | Found Xut Qeci's Antique Armour Shoppe.
 11612 | D:9      | Reached skill level 1 in Invocations
 11619 | D:9      | Bought a pair of glowing gloves for 247 gold pieces
 11683 | D:9      | Reached ***** piety under Hepliaklqana
 11905 | D:9      | Reached skill level 5 in Fire Magic
 12455 | D:9      | Reached skill level 1 in Shields
 12508 | D:9      | Noticed a two-headed ogre
 12514 | D:9      | Killed a two-headed ogre
 12713 | D:10     | Entered Level 10 of the Dungeon
 12882 | D:10     | Found Olorapt's Armour Emporium.
 12885 | D:10     | Bought a +1 helmet for 161 gold pieces
 12911 | D:10     | Noticed a fire crab
 12918 | D:10     | Noticed a black mamba
 12918 | D:10     | a fire crab changed into a black mamba
 13364 | D:10     | Noticed a boulder beetle
 13386 | D:10     | Killed a boulder beetle
 13523 | D:10     | Noticed Maurice
 13529 | D:10     | Noticed a goliath frog
 13696 | D:10     | Noticed Harold
 13705 | D:10     | Killed Harold
 13706 | D:10     | Reached XP level 11. HP: 54/54 MP: 7/22
 13709 | D:10     | Killed Maurice
 13963 | D:10     | Noticed Josephine
 14119 | D:10     | Killed Josephine
 14206 | D:10     | Learned a level 4 spell: Animate Armour
 14330 | D:11     | Noticed Sonja
 14334 | D:11     | Killed Sonja
 14474 | D:11     | Reached skill level 5 in Invocations
 14820 | D:11     | Noticed a two-headed ogre
 14825 | D:11     | Killed a two-headed ogre
 14926 | D:11     | Noticed a white ugly thing
 14941 | D:11     | HP: 2/55 [centaur/arrow (2)]
 14946 | D:11     | Demolished by a white ugly thing

Illustrated notes

Levels and vault maps discovered:
D:1:      dpeg_arrival_stonehenge_8_columns, layout_loops_ring,
          shapermc_ecumenical_altar_pompeii, chequers_serial_rivers_micro_a
D:2:      layout_basic, uniq_crazy_yiuf_cottage
D:3:      layout_basic, hangedman_ru_absence, mainiacjoe_overflow_big_doors,
          minmay_misc_feat_rugged, minmay_liquid_box
D:4:      layout_rooms, mainiacjoe_overflow_surrounded_room,
          nicolae_tso_swordbearing_angel, serial_co_window_serial,
          co_window_of_opportunity_a, co_window_corner_a,
          co_window_of_opportunity_a, co_window_corner_a, co_window_paths_b,
          co_window_corner_b, co_window_broadway_c, co_window_cross_3,
          co_window_of_opportunity_b, glass_columns_a, glass_columns_a,
          kennysheep_doodads
D:5:      gammafunk_steamed_eel, layout_loops_corners,
          minmay_temple_entry_waves, st_stairs_13, uniq_edmund, uniq_ijyb,
          uniq_blork_the_orc
D:6:      layout_loops_corners, lemuel_mausoleum_altar_kikubaaqudgha,
          portal_sewer_entry_f, grunt_ministairs_3
D:7:      layout_gridville, hex_medium, hangedman_abyss_or_decor_passed,
          uniq_prince_ribbit1
D:8:      layout_loops_cross, serial_glass, glass_columns_a, glass_columns_a,
          glass_columns_a, glass_columns_b, glass_columns_b, glass_columns_a,
          glass_columns_b, glass_columns_a, glass_columns_a, glass_columns_a,
          glass_columns_b, glass_columns_b, glass_columns_b, glass_columns_a,
          uniq_joseph, uniq_maggie
D:9:      layout_roguey, serial_shops, shop
D:10:     layout_cave_pools, serial_shops, kennysheep_mini,
          kennysheep_cluttered_room, grunt_decor_arrowhead, uniq_maurice,
          uniq_harold, uniq_josephine
D:11:     layout_loops_corners, lair_entry_dummy, hex_large, uniq_sonja

Skill      XL: |  1  2  3  4  5  6  7  8  9 10 11 |
---------------+----------------------------------+-----
Earth Magic    | 4 5 6 7 8 10 | 10.9
Conjurations   | 1 2 4 5 7 8 |  8.9
Stealth        | 3 4 5 6 7 |  7.4
Fighting       | 1 2 3 4 |  4.3
Dodging        | 3 5 6 7 |  7.0
Spellcasting   | 4 5 6 7 |  7.5
Fire Magic     | 4 5 |  5.0
Invocations    | 3 5 |  5.6
Shields        | 4 |  4.0
Transmutations | |  1.1

Action                   |  1- 3 |  4- 6 |  7- 9 | 10-12 || total
-------------------------+-------+-------+-------+-------++-------
Melee: Dagger            |    29 |    40 |    25 |       ||    94
       Whip              |       |       |     5 |     8 ||    13
Throw: Dart              |       |       |       |     5 ||     5
 Cast: Sandblast         |    36 |    39 |    28 |    49 ||   152
       Stone Arrow       |     8 |    14 |    96 |    22 ||   140
       Passwall          |       |     1 |       |     2 ||     3
       Bolt of Magma     |       |       |       |    39 ||    39
Invok: Ancestor Life: Kn |       |     1 |       |       ||     1
       Idealise          |       |       |       |     1 ||     1
Evoke: Wand              |       |       |       |     1 ||     1
  Use: Scroll            |       |    16 |     7 |     7 ||    30
       Potion            |       |       |       |     1 ||     1
 Stab: Sleeping          |     2 |     1 |     1 |       ||     4
       Distracted        |       |       |       |     1 ||     1
Armor: Robe              |     9 |     8 |    15 |     1 ||    33
       Steam dragon scal |       |       |       |    12 ||    12
Dodge: Dodged            |    20 |    20 |    47 |    17 ||   104
Block: Buckler           |       |       |       |     7 ||     7
